 Dungeon Crawl Stone Soup version 0.21-a0-496-g696f58f (webtiles) character file.

162 slep the Ducker (level 5, -1/40 HPs)
             Began as a Demonspawn Wanderer on Nov 24, 2017.
             Slain by an ogre
             ... wielding a +0 giant club
              (8 damage)
             ... on level 4 of the Dungeon.
             The game lasted 00:09:17 (1918 turns).

slep the Ducker (Demonspawn Wanderer)               Turns: 1918, Time: 00:09:18

Health: -1/40      AC: 10    Str: 16    XL:     5   Next: 19%
Magic:  5/5        EV:  6    Int: 11    God:
Gold:   111        SH:  7    Dex: 12    Spells: 4/4 levels left

rFire    + . .     SeeInvis .   w - -3 blowgun (curse)
rCold    . . .     Gourm    .   u - +0 shield
rNeg     . . .     Faith    .   n - +0 chain mail
rPois    .         Spirit   .   m - +1 hat
rElec    .         Reflect  .   (no cloak)
rCorr    +         Harm     .   z - +0 pair of gloves
MR       .....                  (no boots)
Stlth    ..........             (no amulet)
HPRegen  0.13/turn              g - ring of protection from fire
MPRegen  0.09/turn              o - ring of resist corrosion

@: no status effects
A: talons 1, sturdy frame 1
a: no special abilities


You were on level 4 of the Dungeon.
You were hungry.

You visited 1 branch of the dungeon, and saw 4 of its levels.

You collected 111 gold pieces.

Inventory:

Hand Weapons
 a - a +2 dagger
 d - a +0 falchion
 j - a +1 dagger of venom
 v - a +2 whip of pain
 w - a cursed -3 blowgun (weapon)
 C - a +0 hand axe of flaming
Missiles
 x - 5 curare-tipped needles (quivered)
Armour
 e - a +0 robe
 m - a +1 hat (worn)
 n - a +0 chain mail (worn)
 u - a +0 shield (worn)
 z - a +0 pair of gloves (worn)
Jewellery
 g - a ring of protection from fire (left hand)
 o - a ring of resist corrosion (right hand)
Scrolls
 b - 2 scrolls of fear
 c - 2 scrolls of teleportation
 k - 3 scrolls of remove curse {unknown}
 q - a scroll of enchant armour {unknown}
 s - 3 scrolls of amnesia {unknown}
 t - a scroll of random uselessness {unknown}
 y - a scroll of magic mapping {unknown}
 D - a scroll of enchant weapon {unknown}
Potions
 i - a potion of degeneration {unknown}
 p - a potion of magic {unknown}
 r - 2 potions of heal wounds {unknown}
 A - a potion of lignification {unknown}
Comestibles
 f - a bread ration
 h - 2 royal jellies
 l - a meat ration


   Skills:
 + Level 2.8 Fighting
 + Level 3.3 Long Blades
 + Level 1.1 Armour
 + Level 3.5 Dodging
 + Level 2.0 Stealth
 + Level 1.2 Shields


You had 4 spell levels left.
You didn't know any spells.

Dungeon Overview and Level Annotations

Branches:
Dungeon (4/15)
 Temple: D:4-7

Altars:
Qazlal
Sif Muna
The Shining One

Annotations:
D:2 Robin


Innate Abilities, Weirdness & Mutations

You have sharp toenails.
Your movements are slightly less encumbered by armour. (ER -2)


Message History

The ogre closely misses you.
You riposte.
You hit the ogre.
The ogre is heavily wounded.
You hit the ogre.
The ogre is heavily wounded.
The ogre hits you with a giant club!
* * * LOW HITPOINT WARNING * * *
Found a leather armour.
The ogre hits you with a giant club!
* * * LOW HITPOINT WARNING * * *
Wield which item (- for none, * to show all)? (? for menu, Esc to quit)
It sticks to your hand!
w - a cursed -3 blowgun (weapon)
All of the chunks of flesh in your inventory have rotted away.
Firing (i - inventory):
x - 6 curare-tipped needles (quivered)
Press: ? - help, Shift-Dir - straight line, f - ogre
Aim: an ogre, wielding a giant club (heavily wounded)
You shoot a curare-tipped needle.
The curare-tipped needle completely misses the ogre.
The ogre hits you with a giant club!
You die...

...#.....#.#.#.#.#.#.#.#.#
...+.....(#.#.#.#.#.#.#.#
...#.......#.#.#.#......+#.#.
###+......#.#.#.#.........#.#
##.#.......#.#.#.#.........##
..........#.#.#.#.........#.#
...#.#.#'#.#.#.#.#.#+#+#.#.####
###########.#.#O#.#.#.#.....).#
#.#.#.#@#.#.#.#......#
####.#.#.#.#...........#
###...#.#.#.#............#
##......#.#.#.#...........#
##......#.#.#.#+...........#
###......#.#.#.#.#.....#.#.###
##......##.#.#.#.#.#+#.#.#.##
......#####.#.#.#.#.#.#.#.#.#
....### .#.#.#.#.#.#.#.#.##


You could see an ogre.

Vanquished Creatures
  A crimson imp (D:3)
  An orc priest (D:2)
  An orc wizard (D:4)
  An ooze (D:1)
  3 dart slugs
  A leopard gecko (D:3)
  2 orcs (D:4)
  A giant cockroach (D:1)
  10 goblins
  4 hobgoblins
  8 jackals
  8 kobolds
  4 bats
  6 frilled lizards
  6 rats
  A plant (D:3)
58 creatures vanquished.

Notes
Turn   | Place    | Note
-------+----------+-------------------------------------------
     0 | D:1      | slep the Demonspawn Wanderer began the quest for the Orb.
     0 | D:1      | slep set off with: a +2 dagger, a scroll of fear, a scroll of teleportation, a +0 falchion, a +0 robe, a bread ration
     0 | D:1      | Reached XP level 1. HP: 16/16 MP: 1/1
    58 | D:1      | Gained mutation: Your movements are slightly less encumbered by armour. (ER -2) [demonic ancestry]
    58 | D:1      | Reached XP level 2. HP: 10/22 MP: 2/2
   306 | D:1      | Gained mutation: You have sharp toenails. [demonic ancestry]
   306 | D:1      | Reached XP level 3. HP: 13/28 MP: 3/3
   709 | D:2      | Noticed Robin
   718 | D:2      | Reached XP level 4. HP: 12/34 MP: 4/4
   942 | D:3      | Found a faded altar of an unknown god.
  1357 | D:3      | Found a deep blue altar of Sif Muna.
  1528 | D:3      | Found a stormy altar of Qazlal.
  1680 | D:4      | Reached skill level 1 in Armour
  1680 | D:4      | Reached XP level 5. HP: 35/40 MP: 5/5
  1706 | D:4      | Found a glowing golden altar of the Shining One.
  1844 | D:4      | Noticed an ogre
  1918 | D:4      | Slain by an ogre

Vault maps used:
D:1:      evilmike_arrival_hilbert_curve, minmay_misc_feat_chi, minivault_23,
          feat_on_display
D:2:      minmay_misc_feat_five, uniq_robin
D:3:      lemuel_blue_sif_altar, nicolae_overflow_crystal_walls,
          chequers_ecumenical_altar_twisty, minmay_tree_intersection,
          lexackson_kobold_supper
D:4:      nicolae_tso_carved_into_rock, overflow_temple_1_default,
          grunt_ministairs_9, minivault_27, tgw_kikubaaqudgha

Skill      XL: |  1  2  3  4 |
---------------+-------------+-----
Dodging        | 3 |  3.5
Long Blades    | 2 3 |  3.3
Stealth        | 2 |  2.0
Armour         | 1 |  1.1
Fighting       | |  2.8
Shields        | |  1.2

Action                   |  1- 3 |  4- 6 || total
-------------------------+-------+-------++-------
Melee: Falchion          |    85 |   122 ||   207
       Kick              |     4 |    42 ||    46
 Fire: Blowgun           |       |     1 ||     1
  Eat: Chunk             |       |     3 ||     3
Armor: Robe              |     1 |       ||     1
       Chain mail        |    51 |    61 ||   112
Dodge: Dodged            |    65 |    39 ||   104
Block: Shield            |       |    30 ||    30
       Rpst.: Falchion   |    19 |    10 ||    29

Table legend:
 A = Spawn XP
 B = Non-spawn XP
 C = Spawn XP percentage of total XP
 D = Spawn monster count
 E = Non-spawn monster count
 F = Spawn count percentage of total count
 G = Total turns spent on level
                    A         B        C        D         E        F      G
               +---------+---------+-------+---------+---------+-------+---------
         Total |       0 |     232 |   0.0 |       0 |      57 |   0.0 |  1918
               +---------+---------+-------+---------+---------+-------+---------
           D:1 |       0 |      46 |   0.0 |       0 |      21 |   0.0 |   624
           D:2 |       0 |      63 |   0.0 |       0 |      13 |   0.0 |   100
           D:3 |       0 |      76 |   0.0 |       0 |      19 |   0.0 |   924
           D:4 |       0 |      47 |   0.0 |       0 |       4 |   0.0 |   270
               +---------+---------+-------+---------+---------+-------+---------
